 Dungeon Crawl Stone Soup version 0.27.1-33-g824d729ab1 (webtiles) character file.

Game seed: 8276076055580411288

26 jlumianski the Skirmisher (level 3, -8/24 HPs)
             Began as a Gargoyle Monk on Dec 10, 2021.
             Mangled by Crazy Yiuf (15 damage)
             ... on level 2 of the Dungeon.
             The game lasted 00:07:55 (2432 turns).

jlumianski the Skirmisher (Gargoyle Monk)           Turns: 2432, Time: 00:07:55

Health: -8/24      AC:  5    Str: 14 (15) XL:     3   Next: 8%
Magic:  3/3        EV: 12    Int:  8 (10) God:
Gold:   132        SH:  0    Dex: 11 (12) Spells: 2/2 levels left

rFire    . . .     SeeInvis +   a - +0 hand axe
rCold    . . .     Faith    .   (no shield)
rNeg     + + .     Spirit   .   b - +0 robe
rPois    ∞         Reflect  .   (no helmet)
rElec    +         Harm     .   (no cloak)
rCorr    .         Rampage  .   (no gloves)
Will     .....                  (no boots)
Stlth    +.........             (no amulet)
HPRegen  0.08/turn              h - ring of see invisible
MPRegen  0.08/turn              l - ring of positive energy

@: confused, mighty
A: sickness immunity, AC +3, negative energy resistance 1, electricity
resistance, torment resistance 1, petrification resistance
a: no special abilities


You were on level 2 of the Dungeon.
You visited 1 branch of the dungeon, and saw 2 of its levels.

You collected 132 gold pieces.

Inventory:

Hand Weapons
 a - a +0 hand axe (weapon)
 d - a +0 hunting sling
 g - a +0 battleaxe
Missiles
 e - 54 stones (quivered)
 j - 43 bolts
 m - 37 sling bullets
Armour
 b - a +0 robe (worn)
Jewellery
 h - a ring of see invisible (left hand)
 l - a ring of positive energy (right hand)
Scrolls
 n - a scroll of identify
Potions
 c - 2 potions of flight
 f - a potion of degeneration
 i - a potion of cancellation
 k - a potion of resistance


   Skills:
 + Level 3.7 Fighting
 + Level 3.2 Axes
 + Level 0.2 Throwing
 + Level 2.5 Dodging
 + Level 2.3 Stealth


You had 2 spell levels left.
You didn't know any spells.
Your spell library contained the following spells:

 Spells                   Type           Power      Damage    Failure   Level
 Conjure Flame            Conj/Fire      0%         6-21      78%         3
 Ignite Poison            Fire/Tmut/Pois 0%         N/A       78%         3
 Sticky Flame             Conj/Fire      0%         2d3       99%         4


Dungeon Overview and Level Annotations

Branches:
Dungeon (2/15)

Altars:

Annotations:
D:2 Crazy Yiuf, Terence


Innate Abilities, Weirdness & Mutations

You are immune to sickness and miasma.
Your stone body is resilient. (AC +3)
You are immune to poison.
You resist negative energy. (rN+)
You are resistant to electric shocks. (rElec)
You are resistant to unholy torment.
You are immune to petrification.


Message History

The adder bites you.
* * * LOW HITPOINT WARNING * * *
The adder bites you but does no damage.
You hit the adder.
You kill the adder!
You have reached level 3!
Your experience leads to an increase in your attributes!
Your base attributes are Str 14, Int 10, Dex 12.
Increase (S)trength, (I)ntelligence, or (D)exterity?
You feel stronger.
You start resting.
HP restored.
You now have 117 gold pieces (gained 15).
You now have 123 gold pieces (gained 6).
Found a leather armour.
Found 20 sling bullets.
m - 37 sling bullets (gained 20)
Found a stone staircase leading up.
n - a scroll of identify
Okay, then.
Unknown command.
Okay, then.
Unknown command.
Found 9 gold pieces.
You now have 132 gold pieces (gained 9).
Found a mace.
Found a runed translucent door.
You open the door.
There is an open translucent door here.
Crazy Yiuf zaps a wand.
The puff of flame hits you.
You closely miss Crazy Yiuf.
Crazy Yiuf hits you with a +3 quarterstaff of chaos.
You are confused.
You barely miss Crazy Yiuf.
Crazy Yiuf hits you with a +3 quarterstaff of chaos!
* * * LOW HITPOINT WARNING * * *
You feel very mighty all of a sudden.
You barely miss Crazy Yiuf.
Crazy Yiuf hits you with a +3 quarterstaff of chaos!
Ouch! That really hurt!
You die...

#. #. #. #. #.
############.
########.#...#......
#...##..#......#####
#.g@'.####..........
#)..### ##..#.#####
##### ####.# #.#####
#...... ###########
##.##### #......)..#
#..# #.........#
#..#
#.........###..#


You could see Crazy Yiuf.

Vanquished Creatures
  An adder (D:2)
  2 endoplasms
  5 goblins
  2 hobgoblins
  2 quokkas
  A ball python (D:1)
  A frilled lizard (D:1)
  A rat (D:1)
15 creatures vanquished.

Vanquished Creatures (others)
  7 plants (D:1)
7 creatures vanquished.

Grand Total: 22 creatures vanquished

Notes
Turn   | Place    | Note
-------+----------+-------------------------------------------
     0 | D:1      | jlumianski the Gargoyle Monk began the quest for the Orb.
     0 | D:1      | Reached XP level 1. HP: 14/14 MP: 1/1
   740 | D:1      | Reached XP level 2. HP: 17/19 MP: 2/2
  1240 | D:1      | Found a faded altar of an unknown god.
  1551 | D:2      | Noticed Terence
  1926 | D:2      | HP: 1/20 [adder (1)]
  1928 | D:2      | Reached XP level 3. HP: 2/24 MP: 3/3
  2423 | D:2      | Found a runed translucent door.
  2424 | D:2      | Noticed Crazy Yiuf
  2432 | D:2      | Mangled by Crazy Yiuf

Illustrated notes

Levels and vault maps discovered:
D:1:      dpeg_arrival_ternary, layout_basic,
          dilly_ecumenical_altar_fadedgnrine, dk_noncrumbling_3
D:2:      layout_loops_ring, basic_altar, minmay_tripent,
          uniq_crazy_yiuf_cottage, uniq_terence

Skill      XL: |  1  2 |
---------------+-------+-----
Axes           | 3 |  3.2
Fighting       | |  3.7
Throwing       | |  0.2
Dodging        | |  2.5
Stealth        | |  2.3

Action                   || total
-------------------------++-------
Melee: Hand axe          ||    77
       Battleaxe         ||    25
Throw: Stone             ||     5
  Use: Scroll            ||     4
       Potion            ||     1
 Stab: Sleeping          ||     1
Armor: Robe              ||    27
Dodge: Dodged            ||    65
